 Dungeon Crawl Stone Soup version 0.28.0 (webtiles) character file.

Game seed: 4982238254270398271

26 Jerry the Shield-Bearer (level 2, -1/26 HPs)
             Began as a Demigod Fighter on Feb 9, 2022.
             Slain by an adder (2 damage)
             ... on level 2 of the Dungeon.
             The game lasted 00:01:07 (695 turns).

Jerry the Shield-Bearer (Demigod Fighter)            Turns: 695, Time: 00:01:07

Health: -1/26      AC:  6    Str: 17    XL:     2   Next: 69%
Magic:  4/4        EV:  9    Int: 10    God:
Gold:   15         SH:  4    Dex: 13    Spells: 1/1 levels left

rFire   . . .      SeeInvis .   a - +0 flail
rCold   . . .      Faith    .   c - +0 buckler
rNeg    . . .      Spirit   .   b - +0 scale mail
rPois   .          Reflect  .   (no helmet)
rElec   .          Harm     .   (no cloak)
rCorr   .          Rampage  .   (no gloves)
Will    .....                   (no boots)
Stlth   ..........              (no amulet)
HPRegen 0.08/turn               (no ring)
MPRegen 0.09/turn               (no ring)

@: lethally poisoned (-1 -> -2)
A: high MP 1, forlorn, divine attributes
a: no special abilities


You were on level 2 of the Dungeon.
You visited 1 branch of the dungeon, and saw 2 of its levels.

You collected 15 gold pieces.

Inventory:

Hand Weapons
 a - a +0 flail (weapon)
Armour
 b - a +0 scale mail (worn)
 c - a +0 buckler (worn)
Scrolls
 e - 2 scrolls of teleportation {unknown}
 f - 2 scrolls of identify {unknown}
 g - a scroll of vulnerability {unknown}
Potions
 d - a potion of might
 h - 2 potions of curing {unknown}
 i - a potion of mutation {unknown}


   Skills:
 + Level 3.0 Fighting
 + Level 2.1 Maces & Flails
 + Level 3.0 Armour
 + Level 3.0 Shields


You had one spell level left.
You didn't know any spells.
Your spell library contained the following spells:

 Spells                   Type           Power      Damage    Failure   Level
 Scorch                   Fire           0%         2d5       94%         2
 Flame Wave               Conj/Fire      0%         2d4       100%        4
 Summon Cactus Giant      Summ           0%         N/A       100%        6


Dungeon Overview and Level Annotations

Branches:
Dungeon (2/15)


Innate Abilities, Weirdness & Mutations

You have an increased reservoir of magic. (+10% MP)
You shall have no god before yourself.
Your divine heritage dramatically boosts your attributes as you level up.


Message History

A frilled lizard comes into view.
The frilled lizard hisses angrily.
The endoplasm jiggles.
You block the endoplasm's attack.
You sock the endoplasm!
You kill the endoplasm!
The adder bites you.
You closely miss the adder. The adder bites you. x2
You are poisoned.
The adder poisons you!
You hit the adder.
The adder is moderately wounded.
You feel sick. You block the frilled lizard's attack. The adder bites you.
You are more poisoned.
The adder poisons you!
The frilled lizard bites you but does no damage.
The adder barely misses you.
You miss the adder.
The adder is moderately wounded.
You feel very sick. The adder barely misses you.
The frilled lizard barely misses you.
You closely miss the adder.
The adder is moderately wounded.
You feel sick. The adder closely misses you. The frilled lizard misses you.
The adder bites you but does no damage.
You closely miss the adder.
The adder is moderately wounded.
You feel sick. The frilled lizard closely misses you.
The adder barely misses you. The frilled lizard closely misses you.
You block the adder's attack.
You hit the adder.
The adder is moderately wounded.
You feel sick. The adder bites you.
* * * LOW HITPOINT WARNING * * *
You block the frilled lizard's attack.
You closely miss the adder.
The adder is moderately wounded.
* * * LOW HITPOINT WARNING * * *
You feel sick. The adder bites you.
You die...

...# ....# ###....##
##...♣♣...
#.#########.......
#........##..#...#
..##...#.##..#.#.###
+....+.<.........#
#....#.###.@.....#
#....#.# #.Sl....#
#.####+# #...>##.#
#. ....... .
.......#.# ..#...#.#
# .........#
..........#


You could see an adder and a frilled lizard.

Vanquished Creatures
  2 dart slugs (D:1)
  3 ball pythons (D:1)
  3 endoplasms
  A giant cockroach (D:1)
  3 goblins (D:1)
  A hobgoblin (D:1)
  3 quokkas (D:1)
  A bat (D:1)
  3 rats (D:1)
20 creatures vanquished.

Notes
Turn   | Place    | Note
-------+----------+-------------------------------------------
     0 | D:1      | Jerry the Demigod Fighter began the quest for the Orb.
     0 | D:1      | Reached XP level 1. HP: 18/18 MP: 3/3
   423 | D:1      | Reached XP level 2. HP: 25/25 MP: 4/4
   695 | D:2      | HP: 1/26 [poisoned by an adder]
   695 | D:2      | Slain by an adder

Illustrated notes

Levels and vault maps discovered:
D:1:      nagdon_arrival_double_spiral, layout_basic,
          dreamdust_ecumenical_altar_statues, minmay_misc_feat_four_crosses,
          serial_park_tiny_pond
D:2:      layout_basic, chequers_mini_garden, chequers_serial_rivers_room_a,
          wander_ebering_terrifying_dragon_lair

Skill      XL: |  1  2 |
---------------+-------+-----
Maces & Flails | 2 |  2.1
Fighting       | 3 |  3.0
Shields        | 3 |  3.0
Armour         | 3 |  3.0

Action                   || total
-------------------------++-------
Melee: Flail             ||    66
Armor: Scale mail        ||    25
Dodge: Dodged            ||    35
Block: Buckler           ||    16
